[Event "Friday Night Engine Tour 7rd Swiss 12m+1s Starts at 2200hrs ST"]
[Site "Infinity Chess"]
[Date "2018.4.6"]
[Round "1"]
[White "Macho"]
[Black "KRAKEN"]
[Result "1/2-1/2 "]
[ECO "C50"]
[WhiteElo "2428"]
[BlackElo "2484"]
[WhiteEngine "Cfish 2018-04-06 64 POPC"]
[BlackEngine "Raubfisch X38_CTG"]
[EventType "Swiss"]
[WhiteTeam ""]
[BlackTeam ""]
[PlyCount "151"]
[TimeControl "720+1"]

1. e4 e5 2. Nf3 Nc6 3. Bc4 Bc5 4. O-O Nf6 5. d3 d6 6. c3 a6 7. a4 O-O 
8. Nbd2 Ba7 9. h3 Ne7 10. Re1 Ng6 11. d4 c6 12. b4 Re8 13. Bd3 Be6 14. a5 Qc8 
15. Bf1 Qc7 16. dxe5 Nxe5 17. c4 b6 18. Bb2 c5 19. b5 bxa5 20. bxa6 Bb8 
21. Nh4 Qd8 22. Nf5 Rxa6 23. Ne3 Bd7 24. Nd5 Ba7 25. Ra3 a4 26. Rg3 Bb8 
27. Rge3 Nxd5 28. cxd5 Ra8 29. f4 Ng6 30. g3 Bc7 31. Nc4 Rb8 32. Bc3 Rb3 
33. Nd2 c4 34. Nxc4 Bb6 35. Nxb6 Qxb6 36. Qd4 f6 37. Qxb6 Rxb6 38. Ba5 Rb7 
39. Bd2 Ne7 40. Bc1 Rb6 41. Ba3 Rc8 42. Bg2 h5 43. Rf1 Ng6 44. h4 Bg4 
45. Rf2 Nf8 46. e5 fxe5 47. fxe5 dxe5 48. Rxe5 Rb3 49. Bd6 Rxg3 50. Re4 Rb3 
51. Rxa4 Ng6 52. Ra7 Nxh4 53. Be5 Rc1+ 54. Kh2 Nf3+ 55. Bxf3 Bxf3 56. Rxg7+ Kf8 
57. Rgg2 h4 58. Kh3 Re1 59. Bd6+ Kf7 60. Kxh4 Ke8 61. Rg8+ Kd7 62. Bf4 Bxd5 
63. Rh8 Rb4 64. Rd2 Rh1+ 65. Kg5 Rxh8 66. Rxd5+ Kc6 67. Rf5 Kd7 68. Kg6 Rg8+ 
69. Kf7 Rg2 70. Rf6 Re4 71. Rd6+ Kc8 72. Rc6+ Kb7 73. Rf6 Re1 74. Re6 Rf1 
75. Rf6 Re2 76. Bg3 1/2-1/2

[Event "Friday Night Engine Tour 7rd Swiss 12m+1s Starts at 2200hrs ST"]
[Site "Infinity Chess"]
[Date "2018.4.6"]
[Round "1"]
[White "MCDermont"]
[Black "fati64"]
[Result "1/2-1/2"]
[ECO "D30"]
[WhiteElo "2491"]
[BlackElo "2431"]
[WhiteEngine "BrainFish 010418 WM_CTG"]
[BlackEngine "BrainFish_180404_x64"]
[EventType "Swiss"]
[WhiteTeam ""]
[BlackTeam ""]
[PlyCount "65"]
[TimeControl "720+1"]

1. d4 d5 2. c4 e6 3. Nf3 Nf6 4. Nc3 c6 5. Bg5 h6 6. Bxf6 Qxf6 7. e3 Nd7 
8. Be2 g6 9. O-O Bg7 10. e4 dxe4 11. Nxe4 Qf4 12. Qc2 f5 13. Ned2 c5 14. g3 Qd6 
15. Nh4 Kf7 16. d5 e5 17. Rae1 h5 18. Kg2 Nf6 19. b4 b6 20. bxc5 bxc5 
21. Ndf3 Nh7 22. Bd3 Re8 23. Nxf5 gxf5 24. Bxf5 Bxf5 25. Qxf5+ Kg8 26. Qxh5 e4 
27. Nd2 Nf6 28. Qg5 Re5 29. Qg6 Ne8 30. Qg4 Nf6 31. Qg6 Ne8 32. Qg4 Nf6 33. Qg6 
1/2-1/2

[Event "Friday Night Engine Tour 7rd Swiss 12m+1s Starts at 2200hrs ST"]
[Site "Infinity Chess"]
[Date "2018.4.6"]
[Round "1"]
[White "star99"]
[Black "THE_MACHINE"]
[Result "1/2-1/2"]
[ECO "D30"]
[WhiteElo "2436"]
[BlackElo "2510"]
[WhiteEngine "Cryptic Heroes 9.3B"]
[BlackEngine "BrainFish_180404_x64_bmi2"]
[EventType "Swiss"]
[WhiteTeam ""]
[BlackTeam ""]
[PlyCount "91"]
[TimeControl "720+1"]

1. d4 d5 2. c4 e6 3. Nf3 Nf6 4. e3 Be7 5. Nc3 O-O 6. b3 c5 7. Bb2 dxc4 
8. Bxc4 cxd4 9. Nxd4 a6 10. Rc1 b5 11. Be2 Qb6 12. Bf3 Ra7 13. O-O Rd8 
14. Ne4 e5 15. Qc2 exd4 16. Qxc8 Rad7 17. Nxf6+ Bxf6 18. Qc5 Qxc5 19. Rxc5 dxe3 
20. Bxf6 exf2+ 21. Rxf2 gxf6 22. Rfc2 Kg7 23. Rc8 Rd6 24. Bb7 f5 25. Rxd8 Rxd8 
26. Kf2 Kf6 27. Ke3 Rd6 28. Rc8 Nd7 29. Rc6 Rxc6 30. Bxc6 Ne5 31. Bb7 a5 
32. a3 Ng4+ 33. Kd4 Nxh2 34. Kc5 b4 35. axb4 axb4 36. Kxb4 Ng4 37. Kc5 Ne5 
38. b4 Nd3+ 39. Kc4 Nxb4 40. Kxb4 h5 41. Kc5 f4 42. Kd6 f3 43. Bxf3 Kg5 
44. Ke5 h4 45. Bd1 h3 46. g3 1/2-1/2

[Event "Friday Night Engine Tour 7rd Swiss 12m+1s Starts at 2200hrs ST"]
[Site "Infinity Chess"]
[Date "2018.4.6"]
[Round "1"]
[White "Murx"]
[Black "MrScience"]
[Result "1/2-1/2"]
[ECO "C48"]
[WhiteElo "2514"]
[BlackElo "2446"]
[WhiteEngine "asmFishW_2018-04-01_bmi2"]
[BlackEngine "cfish"]
[EventType "Swiss"]
[WhiteTeam ""]
[BlackTeam ""]
[PlyCount "107"]
[TimeControl "720+1"]

1. e4 e5 2. Nf3 Nc6 3. Nc3 Nf6 4. Bb5 Nd4 5. Ba4 c6 6. O-O Bc5 7. d3 a5 8. a3 b5 
9. Bb3 Nxb3 10. cxb3 d6 11. d4 exd4 12. Nxd4 Bd7 13. Nf3 O-O 14. h3 Re8 
15. Re1 h6 16. Bf4 Be6 17. Be3 Bxe3 18. Rxe3 b4 19. Na4 Rb8 20. Rc1 Qd7 
21. Nd4 c5 22. Nxe6 Qxe6 23. e5 dxe5 24. Nxc5 Qe7 25. Rc4 Rec8 26. Ne4 Nxe4 
27. Rcxe4 bxa3 28. bxa3 Qxa3 29. Qd5 Qb2 30. Rf3 Qc1+ 31. Kh2 Qc7 32. g3 Re8 
33. Rf5 Qb7 34. Rexe5 Rxe5 35. Qxe5 g6 36. Rf6 Rc8 37. Rd6 Qf3 38. Qd4 Kh7 
39. Rf6 Qxb3 40. Qd7 Kg7 41. Qxc8 Kxf6 42. Qa6+ Kg7 43. Qxa5 Qf3 44. Qe5+ Kh7 
45. Qd4 g5 46. g4 Kg6 47. Qb6+ f6 48. Qd4 h5 49. gxh5+ Kxh5 50. Qe3 Qxe3 
51. fxe3 Kh4 52. Kg2 g4 53. hxg4 Kxg4 54. Kf2 1/2-1/2

[Event "Friday Night Engine Tour 9 rd Swiss 7m+1s Starts at 2200hrs ST"]
[Site "Infinity Chess"]
[Date "2018.4.27"]
[Round "6"]
[White "light"]
[Black "star99"]
[Result "1/2-1/2"]
[ECO "C55"]
[WhiteElo "2512"]
[BlackElo "2478"]
[WhiteEngine "Cfish_x64_180418_ELTO_CTG"]
[BlackEngine "Cryptic Heroes 9.4B"]
[EventType "Swiss"]
[WhiteTeam ""]
[BlackTeam ""]
[PlyCount "112"]
[TimeControl "420+1"]

1. e4 e5 2. Nf3 Nc6 3. Bc4 Nf6 4. d3 Bc5 5. c3 d6 6. O-O O-O 7. h3 a5 8. Re1 h6 
9. Bb3 Re8 10. Nbd2 b5 11. a4 b4 12. Nf1 Bb6 13. Bc4 Ba6 14. Ba2 Bc8 15. Bc4 Ba6 
16. Ba2 Bc8 17. Ne3 Bd7 18. Bd2 Rb8 19. Rc1 Ba7 20. Qc2 Qc8 21. Bc4 bxc3 
22. bxc3 Ne7 23. Qa2 Rf8 24. Nf1 Be6 25. Rb1 Rxb1 26. Rxb1 Bb6 27. Bxe6 Qxe6 
28. Qxe6 fxe6 29. Ne3 Rb8 30. Kf1 Nd7 31. d4 Nf6 32. dxe5 Nxe4 33. exd6 Nxd6 
34. Ne5 Rf8 35. Nd7 Bxe3 36. Bxe3 Rd8 37. Nc5 Nd5 38. Bd4 e5 39. Bxe5 Nc4 
40. Re1 Nxe5 41. Rxe5 Nxc3 42. g3 Rd4 43. Nb3 Rxa4 44. Nxa5 Kf7 45. Nb7 Ne4 
46. Nd8+ Kg6 47. Re6+ Kf5 48. Re7 Kg6 49. Re6+ Kf5 50. Re7 Kg6 51. Kg2 h5 
52. Rxc7 Ra2 53. Kf3 Ng5+ 54. Kg2 Ne4 55. Kf3 Ng5+ 56. Kg2 Ne4 1/2-1/2

[Event "Friday Night Engine Tour 9 rd Swiss 7m+1s Starts at 2200hrs ST"]
[Site "Infinity Chess"]
[Date "2018.4.27"]
[Round "6"]
[White "TasicV"]
[Black "Dovahkiin"]
[Result "1/2-1/2"]
[ECO "C50"]
[WhiteElo "2484"]
[BlackElo "2475"]
[WhiteEngine "stockfish_18042414_x64_modern_CTG"]
[BlackEngine "BrainFish_180423_x64_modern_CTG"]
[EventType "Swiss"]
[WhiteTeam ""]
[BlackTeam ""]
[PlyCount "80"]
[TimeControl "420+1"]

1. e4 e5 2. Nf3 Nc6 3. Bc4 Bc5 4. O-O Nf6 5. d3 d6 6. c3 O-O 7. Bg5 h6 8. Bh4 g5 
9. Bg3 a6 10. a4 Ba7 11. Nbd2 Nh7 12. h3 h5 13. Kh1 Kh8 14. b4 h4 15. Bh2 g4 
16. hxg4 Bxg4 17. b5 Na5 18. Ba2 Qf6 19. d4 Rae8 20. Qb1 Qh6 21. Qd3 f5 
22. exf5 Bxf5 23. Qe3 Qh5 24. Nxe5 Nf6 25. Bf7 Rxf7 26. Nxf7+ Qxf7 27. Qh6+ Kg8 
28. Qxh4 Rf8 29. bxa6 bxa6 30. Rfe1 Qh7 31. Qxh7+ Bxh7 32. Re3 Rf7 33. Rae1 Bc2 
34. Bf4 Bb6 35. Bg5 Bxa4 36. Rg3 Nh5 37. Rh3 Nf4 38. Rg3 Nh5 39. Rh3 Nf4 
40. Rg3 Nh5 1/2-1/2

[Event "Friday Night Engine Tour 9 rd Swiss 7m+1s Starts at 2200hrs ST"]
[Site "Infinity Chess"]
[Date "2018.4.27"]
[Round "6"]
[White "Ryzen"]
[Black "CoffeeOne"]
[Result "1/2-1/2"]
[ECO "C26"]
[WhiteElo "2447"]
[BlackElo "2554"]
[WhiteEngine "Houdini 6"]
[BlackEngine "cfish-2018-04-25-2"]
[EventType "Swiss"]
[WhiteTeam ""]
[BlackTeam ""]
[PlyCount "99"]
[TimeControl "420+1"]

1. e4 e5 2. Nc3 Nf6 3. g3 Bc5 4. Bg2 c6 5. Nge2 d5 6. exd5 cxd5 7. d4 exd4 
8. Nxd4 O-O 9. O-O Bg4 10. Nde2 Qc8 11. Bg5 d4 12. Na4 Be7 13. Qd3 h6 
14. Bxf6 Bxf6 15. Nf4 Bd7 16. b3 Bc6 17. c4 dxc3 18. Rac1 Bxg2 19. Kxg2 Rd8 
20. Nd5 Qc6 21. Rfd1 Na6 22. Qc4 Rxd5 23. Rxd5 Qxc4 24. bxc4 Nb4 25. Nxc3 Bxc3 
26. Rxc3 Nxd5 27. cxd5 Rd8 28. Ra3 Rxd5 29. Rxa7 Rd2 30. g4 g5 31. Kg3 Kg7 
32. Rxb7 Rxa2 33. f3 Kg6 34. Rb6+ Kg7 35. Rb7 Kg6 36. Rb6+ f6 37. h4 gxh4+ 
38. Kxh4 Rh2+ 39. Kg3 Ra2 40. Kf4 Ra3 41. Ke4 Ra4+ 42. Kd3 Ra3+ 43. Ke4 Kg5 
44. Rb5+ Kg6 45. Rh5 Rc3 46. f4 f5+ 47. Rxf5 Rg3 48. g5 hxg5 49. Rxg5+ Rxg5 
50. fxg5 1/2-1/2

[Event "Friday Night Engine Tour 9 rd Swiss 7m+1s Starts at 2200hrs ST"]
[Site "Infinity Chess"]
[Date "2018.4.27"]
[Round "5"]
[White "Dovahkiin"]
[Black "light"]
[Result "1/2-1/2"]
[ECO "C50"]
[WhiteElo "2473"]
[BlackElo "2514"]
[WhiteEngine "BrainFish_180423_x64_modern_CTG"]
[BlackEngine "Cfish_x64_180418_ELTO_CTG"]
[EventType "Swiss"]
[WhiteTeam ""]
[BlackTeam ""]
[PlyCount "249"]
[TimeControl "420+1"]

1. e4 e5 2. Nf3 Nc6 3. Bc4 Bc5 4. O-O Nf6 5. d3 d6 6. c3 O-O 7. Bg5 a5 
8. Nbd2 Ba7 9. Bh4 Ne7 10. Bxf6 gxf6 11. Re1 Ng6 12. d4 Kh8 13. Nf1 Bg4 
14. Ne3 Bxf3 15. Qxf3 exd4 16. cxd4 Bxd4 17. Nf5 Ne5 18. Qe2 Bb6 19. Rad1 Rg8 
20. g3 Qe8 21. Bb5 Qf8 22. Ba4 Ng4 23. Rf1 Nh6 24. Ne3 c6 25. Qf3 Bc5 
26. Qxf6+ Qg7 27. Qxg7+ Rxg7 28. Rde1 f6 29. Bc2 Re8 30. Nc4 a4 31. Rd1 Rd7 
32. Nd2 b5 33. Kg2 Nf7 34. Rc1 Rde7 35. Bd3 Ne5 36. Be2 Ng6 37. f4 f5 38. e5 Rg8 
39. Kh1 Bb4 40. Nf3 dxe5 41. Nxe5 Nxe5 42. fxe5 Rxe5 43. Bd3 Rd8 44. Rxf5 Re3 
45. Bf1 Rd6 46. Rf2 Kg7 47. Rfc2 Ree6 48. Kg2 Ba5 49. Kh1 Bd2 50. Rb1 Bb4 
51. Bh3 Re5 52. Rbc1 Red5 53. b3 a3 54. Bg4 Rd2 55. Bf5 c5 56. Rxd2 Rxd2 
57. Rc2 h6 58. Rxd2 Bxd2 59. Bd3 b4 60. Kg2 Kf6 61. Kf2 Ke5 62. Ke2 Bg5 
63. h4 Bc1 64. Kd1 Be3 65. h5 Bf2 66. g4 Kf4 67. Be2 Kg5 68. Kd2 Bd4 69. Kd3 Kh4 
70. Ke4 Kg3 71. Kd3 Kf4 72. Kc2 Bc3 73. Kd3 Be1 74. Kc2 Bc3 75. Kd3 Be1 
76. Kc2 Bg3 77. Kd2 Bh4 78. Kc2 Bg5 79. Kd3 Bd8 80. Kc2 Be7 81. Kd2 Bd6 
82. Bd1 Be7 83. Be2 Bf6 84. Kc2 Be5 85. Kd2 Bb2 86. Kc2 Bd4 87. Kd3 Bc3 
88. Kc2 Kg5 89. Kd3 Kf4 90. Kc2 Bb2 91. Kd3 Ba1 92. Kc2 Bd4 93. Kd3 Bh8 
94. Kd2 Bf6 95. Kc2 Ke3 96. Bc4 Be5 97. Be6 Bd4 98. Bf5 Bf6 99. Be6 Bc3 
100. Bd7 Bf6 101. Be6 Bc3 102. Bd7 Bb2 103. Bf5 Kf4 104. Kd3 Bg7 105. Bd7 Be5 
106. Kc2 Bg7 107. Kd3 Bd4 108. Be6 Kf3 109. Kc2 Ke3 110. Bd7 Bc3 111. Be6 Kf3 
112. Bf5 Kf4 113. Kd3 c4+ 114. Kc2 cxb3+ 115. Kxb3 Bd2 116. Bd7 Bc3 117. Bf5 Be1 
118. Bd7 Bd2 119. Bf5 Kg5 120. Kc4 Bc3 121. Kb3 Be1 122. Be6 Bd2 123. Bf5 Kf4 
124. Bd7 Bc3 125. Bf5 1/2-1/2

[Event "Friday Night Engine Tour 9 rd Swiss 7m+1s Starts at 2200hrs ST"]
[Site "Infinity Chess"]
[Date "2018.4.27"]
[Round "5"]
[White "Ryzen"]
[Black "TasicV"]
[Result "1/2-1/2"]
[ECO "A06"]
[WhiteElo "2445"]
[BlackElo "2486"]
[WhiteEngine "Houdini 6"]
[BlackEngine "stockfish_18042414_x64_modern_CTG"]
[EventType "Swiss"]
[WhiteTeam ""]
[BlackTeam ""]
[PlyCount "139"]
[TimeControl "420+1"]

1. Nf3 d5 2. b3 Nf6 3. Bb2 c6 4. e3 Bf5 5. a3 e6 6. h3 h6 7. d3 Nbd7 8. c4 Bd6 
9. d4 O-O 10. Nbd2 Qe7 11. Be2 a5 12. O-O Ne4 13. Re1 Rfd8 14. Qc1 h5 15. a4 Bb4 
16. Ba3 c5 17. Bf1 Rac8 18. Bxb4 axb4 19. a5 Qf6 20. Qb2 Rc6 21. cxd5 exd5 
22. Bb5 Rd6 23. Bd3 Re8 24. Rac1 cxd4 25. exd4 Rde6 26. Rc7 Bxh3 27. gxh3 Ndc5 
28. Rxc5 Nxc5 29. Rxe6 Nxe6 30. Qc2 g6 31. Bf1 g5 32. Qd1 Rc8 33. Ne5 Nf4 
34. Ndf3 Rc3 35. Ne1 Nxh3+ 36. Bxh3 Rxh3 37. Ng2 Qf5 38. Ne3 Qe4 39. Ng2 Qf5 
40. Ne3 Qe4 41. Ng2 Rc3 42. Qxh5 Qb1+ 43. Kh2 Qh7 44. Qxh7+ Kxh7 45. Ne3 Rxb3 
46. Nxd5 Kg7 47. Kg2 f6 48. Nd7 Rb1 49. N7xf6 b3 50. Nc3 Rc1 51. Nfe4 b2 
52. f3 Kg6 53. Kf2 b1=R 54. Nxb1 Rxb1 55. Nc5 Kf5 56. Ke3 Rb5 57. Kf2 Rxa5 
58. Nxb7 Ra4 59. Kg3 Rxd4 60. Nc5 Rd8 61. Ne4 Rd5 62. Nf2 Rd2 63. Ne4 Rd5 
64. Nf2 Re5 65. Ne4 Kg6 66. Kg4 Rf5 67. Kg3 Rf4 68. Nd2 Rd4 69. Ne4 Kf5 70. Nc5 
1/2-1/2

[Event "Friday Night Engine Tour 9 rd Swiss 7m+1s Starts at 2200hrs ST"]
[Site "Infinity Chess"]
[Date "2018.4.27"]
[Round "5"]
[White "star99"]
[Black "Victorious"]
[Result "1/2-1/2"]
[ECO "C26"]
[WhiteElo "2476"]
[BlackElo "2515"]
[WhiteEngine "Cryptic Heroes 9.4B"]
[BlackEngine "CFish_260418_x64_N_pop_LTO_730mingw"]
[EventType "Swiss"]
[WhiteTeam ""]
[BlackTeam ""]
[PlyCount "125"]
[TimeControl "420+1"]

1. e4 e5 2. Nc3 Nf6 3. Nf3 Nc6 4. h3 Bb4 5. Bc4 Nxe4 6. Nxe4 d5 7. a3 Be7 
8. Bd3 dxe4 9. Bxe4 Be6 10. O-O Bd5 11. Qe2 O-O 12. d3 Re8 13. Re1 Qd7 
14. Be3 f5 15. Bxd5+ Qxd5 16. c4 Qf7 17. b4 Bf6 18. Rad1 Ne7 19. Bg5 Ng6 
20. Qe3 h6 21. Bxf6 Qxf6 22. a4 Re7 23. b5 a6 24. g3 axb5 25. axb5 Qf7 
26. Kg2 Rae8 27. Qe2 Nf8 28. Qc2 Nd7 29. Re3 f4 30. gxf4 Qxf4 31. Qe2 Nf6 
32. Nd2 Rf8 33. Rf1 Qg5+ 34. Kh1 Qh4 35. Qf3 Nh5 36. Qxb7 Rxf2 37. Qc8+ Kh7 
38. Qg4 Qxg4 39. hxg4 Rxf1+ 40. Nxf1 Nf6 41. Nh2 e4 42. dxe4 Rxe4 43. Rxe4 Nxe4 
44. Nf1 Kg6 45. Ne3 Nd6 46. Kg2 Kf6 47. Nd5+ Ke5 48. Nxc7 Nxc4 49. Kf3 Kf6 
50. Kf2 g5 51. Nd5+ Ke5 52. Ne3 Nd6 53. b6 Kf4 54. Nf5 Nb7 55. Ne3 Na5 
56. Nd5+ Kxg4 57. Nf6+ Kf5 58. Nd5 g4 59. Kg3 h5 60. b7 h4+ 61. Kxh4 Nxb7 
62. Ne3+ Ke4 63. Nxg4 1/2-1/2

[Event "Friday Night Engine Tour 9 rd Swiss 7m+1s Starts at 2200hrs ST"]
[Site "Infinity Chess"]
[Date "2018.4.27"]
[Round "5"]
[White "CoffeeOne"]
[Black "BlitzMaster"]
[Result "1/2-1/2"]
[ECO "C55"]
[WhiteElo "2554"]
[BlackElo "2543"]
[WhiteEngine "cfish-2018-04-25-2"]
[BlackEngine "asmFishW_2018-04-11_popcnt"]
[EventType "Swiss"]
[WhiteTeam ""]
[BlackTeam ""]
[PlyCount "165"]
[TimeControl "420+1"]

1. e4 e5 2. Nf3 Nc6 3. Bc4 Nf6 4. d3 Bc5 5. c3 d6 6. O-O a5 7. h3 O-O 8. Re1 h6 
9. Bb3 Re8 10. Nbd2 b5 11. a4 b4 12. Nf1 Bb6 13. Bc4 Ba6 14. Ba2 Bc8 15. Bc4 Ba6 
16. Ba2 Bc8 17. Be3 Bxe3 18. Rxe3 bxc3 19. bxc3 Ne7 20. Nh4 d5 21. Ng3 c5 
22. Qd2 Bb7 23. Rb1 Qc7 24. Ngf5 Nxf5 25. Nxf5 Bc8 26. Ng3 dxe4 27. Nxe4 Nxe4 
28. Rxe4 Bb7 29. Re3 Bc6 30. Qe2 Kh8 31. Qg4 Rad8 32. Bc4 Rb8 33. Bb5 Red8 
34. Ree1 Ba8 35. Qe2 f6 36. Qg4 Bd5 37. d4 cxd4 38. cxd4 exd4 39. Rbd1 Bg8 
40. Rxd4 Rxd4 41. Qxd4 Rd8 42. Qe3 Rd5 43. Qa3 Kh7 44. Rc1 Qf4 45. Bd3+ f5 
46. Rc8 Be6 47. Re8 Bd7 48. Re7 Qg5 49. Re3 Qf6 50. Bc2 Re5 51. g4 Rxe3 
52. Qxe3 Kg8 53. f3 fxg4 54. hxg4 Bxa4 55. Bxa4 Qa1+ 56. Kf2 Qxa4 57. Qe6+ Kh7 
58. Qf5+ Kg8 59. Qc8+ Kf7 60. Qb7+ Kf8 61. Qa8+ Ke7 62. Qb7+ Qd7 63. Qe4+ Kd6 
64. Qd4+ Ke6 65. Qe3+ Kf7 66. Qb3+ Kf6 67. Qc3+ Kg6 68. Qxa5 Kf7 69. Qc3 Qa7+ 
70. Kg2 Qd7 71. Qe5 Qd2+ 72. Kf1 Qd1+ 73. Kf2 Qd7 74. Kg2 Kf8 75. Qc5+ Kf7 
76. Qc2 Kg8 77. Qc4+ Kh7 78. Kh3 h5 79. Kh4 hxg4 80. Qxg4 Qxg4+ 81. fxg4 g6 
82. g5 Kg7 83. Kg3 1/2-1/2

[Event "Friday Night Engine Tour 9 rd Swiss 7m+1s Starts at 2200hrs ST"]
[Site "Infinity Chess"]
[Date "2018.4.27"]
[Round "4"]
[White "light"]
[Black "Ryzen"]
[Result "1-0"]
[ECO "B27"]
[WhiteElo "2500"]
[BlackElo "2459"]
[WhiteEngine "Cfish_x64_180418_ELTO_CTG"]
[BlackEngine "Houdini 6"]
[EventType "Swiss"]
[WhiteTeam ""]
[BlackTeam ""]
[PlyCount "182"]
[TimeControl "420+1"]

1. e4 c5 2. Nf3 g6 3. c4 Bg7 4. d4 cxd4 5. Nxd4 Nc6 6. Be3 d6 7. Nc3 Nf6 
8. Be2 O-O 9. O-O a6 10. a3 Nxd4 11. Bxd4 Bd7 12. f3 Rc8 13. Qd2 Be6 14. b3 Qa5 
15. Kh1 Nd7 16. Bxg7 Kxg7 17. f4 Nf6 18. a4 Qb4 19. a5 Kg8 20. Qc1 Qc5 
21. h3 Bd7 22. Qb2 Qc7 23. Qd2 Qc5 24. Qb2 Qc7 25. b4 Be6 26. Nd5 Nxd5 
27. exd5 Bf5 28. Qd4 Rfe8 29. Rac1 e6 30. Bf3 exd5 31. Bxd5 Be6 32. Bf3 Re7 
33. Rfe1 Qd8 34. Rc3 Rec7 35. Rec1 h6 36. Kg1 Qe7 37. Kh2 Kh7 38. Be4 Qf8 
39. R1c2 Qd8 40. Bd3 Qh8 41. Qxd6 Rd7 42. Qe5 Qxe5 43. fxe5 Rd4 44. Kg3 Kg7 
45. Kf3 Rc7 46. Rd2 Re7 47. Ke3 Rh4 48. Be2 Bd7 49. Kf2 Rf4+ 50. Kg3 Rf5 
51. Bf3 Be6 52. Re2 Rc7 53. c5 h5 54. Rce3 Rd7 55. Rb2 Bc4 56. Re4 Be6 
57. Re3 Bc4 58. h4 g5 59. hxg5 Rxg5+ 60. Kf4 Kg6 61. Be4+ Kh6 62. Rg3 Rxg3 
63. Kxg3 Kg5 64. Kf3 f5 65. exf6 Kxf6 66. Ke3 Ke5 67. Rc2 Be6 68. c6 bxc6 
69. Rxc6 Rd1 70. Rc5+ Kd6 71. Rxh5 Bc4 72. g4 Rg1 73. Rc5 Re1+ 74. Kd4 Bb5 
75. g5 Rd1+ 76. Ke3 Re1+ 77. Kf3 Rf1+ 78. Ke3 Re1+ 79. Kf4 Rf1+ 80. Kg4 Re1 
81. Bf5 Be8 82. g6 Ke7 83. Kf4 Kf6 84. Bd3 Rh1 85. Rg5 Rd1 86. g7 Bf7 
87. Rg3 Rd2 88. Ke3 Rb2 89. Rg4 Rb3 90. Kd2 Bg8 91. Bxa6 Bh7 1-0

[Event "Friday Night Engine Tour 9 rd Swiss 7m+1s Starts at 2200hrs ST"]
[Site "Infinity Chess"]
[Date "2018.4.27"]
[Round "4"]
[White "TasicV"]
[Black "BlitzMaster"]
[Result "0-1"]
[ECO "C55"]
[WhiteElo "2501"]
[BlackElo "2528"]
[WhiteEngine "stockfish_18042414_x64_modern_CTG"]
[BlackEngine "asmFishW_2018-04-11_popcnt"]
[EventType "Swiss"]
[WhiteTeam ""]
[BlackTeam ""]
[PlyCount "206"]
[TimeControl "420+1"]

1. e4 e5 2. Nf3 Nc6 3. Bc4 Nf6 4. d3 Bc5 5. O-O d6 6. c3 a5 7. Bg5 Ba7 
8. Nbd2 h6 9. Bh4 g5 10. Bg3 O-O 11. Bb3 Be6 12. a4 Qe7 13. Nc4 Qd7 14. Re1 Rae8 
15. Ne3 Ne7 16. Bc2 Bxe3 17. Rxe3 Ng6 18. d4 Qe7 19. h3 Bd7 20. b4 b6 
21. Rb1 Rb8 22. Re1 Rfc8 23. Qd2 Kg7 24. Rbd1 Rd8 25. Re3 Re8 26. Rde1 Rbd8 
27. Bd1 c5 28. b5 Kh7 29. Qa2 Nf4 30. Bb3 Rf8 31. Qb1 Kh8 32. Nd2 Rb8 
33. dxe5 dxe5 34. Bd5 N6xd5 35. exd5 f6 36. c4 Qg7 37. f3 h5 38. Ne4 h4 
39. Bh2 Bf5 40. Qc2 Rbd8 41. Rd1 Qh7 42. Ree1 Kg7 43. Qc3 Bxe4 44. fxe4 Kf7 
45. Qf3 Qh5 46. Qe3 Ke7 47. Qd2 Ke8 48. Re3 Rg8 49. Kh1 Kf7 50. Ra3 Qh7 
51. Qe3 Ke8 52. Rb3 Ke7 53. Re1 Nh5 54. Qf2 Nf4 55. Rbe3 Rg7 56. Qf3 Qh5 
57. Qf2 Rdg8 58. Rf1 Kd8 59. Ree1 Kc8 60. Qd2 Kb7 61. Rf2 Qh7 62. Bxf4 gxf4 
63. d6 Rd8 64. Qd5+ Ka7 65. Ree2 Qg8 66. Qd3 Qe6 67. Rd2 Kb8 68. Kg1 Kc8 
69. Kh1 Rg3 70. Rf3 Rdg8 71. Rdf2 Kd7 72. Rxg3 Rxg3 73. Qd1 Qxc4 74. Qh5 Qxe4 
75. Qf7+ Kxd6 76. Kh2 f5 77. Rd2+ Rd3 78. Qf6+ Kd5 79. Qxb6 c4 80. Qd8+ Kc5 
81. Qe7+ Kd4 82. Rf2 c3 83. b6 f3 84. Qd6+ Kc4 85. Qe6+ Kb4 86. Qe7+ Kxa4 
87. Qg5 Kb5 88. b7 Qxb7 89. Rf1 Qe4 90. Rb1+ Kc4 91. Qg8+ Kd4 92. Rf1 Qf4+ 
93. Kg1 f2+ 94. Kh1 c2 95. Qg6 c1=Q 96. Qb6+ Ke4 97. Qb7+ Ke3 98. Qa7+ Kd2 
99. Qxa5+ Ke2 100. Qa2+ Kxf1 101. Qc4 Qcxc4 102. g3 hxg3 103. h4 g2# 0-1

[Event "Friday Night Engine Tour 9 rd Swiss 7m+1s Starts at 2200hrs ST"]
[Site "Infinity Chess"]
[Date "2018.4.27"]
[Round "4"]
[White "Victorious"]
[Black "Dovahkiin"]
[Result "1/2-1/2"]
[ECO "C50"]
[WhiteElo "2517"]
[BlackElo "2471"]
[WhiteEngine "CFish_260418_x64_N_pop_LTO_730mingw"]
[BlackEngine "BrainFish_180423_x64_modern_CTG"]
[EventType "Swiss"]
[WhiteTeam ""]
[BlackTeam ""]
[PlyCount "189"]
[TimeControl "420+1"]

1. e4 e5 2. Nf3 Nc6 3. Bc4 Bc5 4. O-O Nf6 5. d3 d6 6. c3 O-O 7. h3 a5 8. Nbd2 h6 
9. Re1 Be6 10. Bb5 Qb8 11. Nf1 Qa7 12. Re2 a4 13. Ng3 Qa5 14. Bxc6 bxc6 
15. Nh4 Rfe8 16. Re1 d5 17. exd5 cxd5 18. Rxe5 Bf8 19. Qc2 c5 20. Bd2 Nd7 
21. Re2 c4 22. d4 a3 23. bxa3 Qxa3 24. Nf3 Reb8 25. Be3 Qa4 26. Qd2 Ra6 
27. Ne5 Nf6 28. f4 Rab6 29. f5 Bc8 30. Bf4 Rb2 31. Qe1 R8b6 32. Kh2 Rxe2 
33. Qxe2 Qa3 34. Qf3 Qb2 35. Re1 Qxa2 36. Ng4 Nxg4+ 37. Qxg4 Bd7 38. Qf3 Qa8 
39. Be5 f6 40. Bc7 Rb3 41. Nh5 Kh8 42. Bg3 Rb2 43. h4 Rb3 44. Qg4 Be8 
45. Nf4 Bf7 46. Ng6+ Kg8 47. Re3 Kh7 48. Bf4 Ba3 49. h5 Rb1 50. Rg3 Bf8 
51. Re3 Qc8 52. Nxf8+ Qxf8 53. Qf3 Kh8 54. Qe2 Ra1 55. Rg3 Rb1 56. Re3 Rb7 
57. Qg4 Rb3 58. Bg3 Qa3 59. Be1 Rb1 60. Qe2 Rb8 61. Kh3 Rb2 62. Qg4 Rb1 
63. Qe2 Rb2 64. Qg4 Qf8 65. Qf3 Rb1 66. g3 Qa3 67. g4 Qa2 68. Re7 Qa3 
69. Qe3 Rd1 70. Kg2 Rd3 71. Qe2 Bg8 72. Re3 Qc1 73. Rxd3 cxd3 74. Qd2 Qb1 
75. Qe3 Qd1 76. Kh3 Bf7 77. Kh4 Qb1 78. Kg3 Kh7 79. Bd2 Qf1 80. Qf2 Qd1 
81. Qe3 Qf1 82. Be1 Kg8 83. Qe7 Qg1+ 84. Kh3 Qh1+ 85. Kg3 Qg1+ 86. Kf3 Qh2 
87. Qe3 Qh1+ 88. Kf4 Qf1+ 89. Kg3 Kh7 90. Bd2 Qh1 91. Qxd3 Qg1+ 92. Kf3 Qh1+ 
93. Kg3 Qg1+ 94. Kh3 Qh1+ 95. Kg3 1/2-1/2

[Event "Friday Night Engine Tour 9 rd Swiss 7m+1s Starts at 2200hrs ST"]
[Site "Infinity Chess"]
[Date "2018.4.27"]
[Round "4"]
[White "star99"]
[Black "CoffeeOne"]
[Result "1/2-1/2"]
[ECO "D31"]
[WhiteElo "2473"]
[BlackElo "2557"]
[WhiteEngine "Cryptic Heroes 9.4B"]
[BlackEngine "cfish-2018-04-25-2"]
[EventType "Swiss"]
[WhiteTeam ""]
[BlackTeam ""]
[PlyCount "139"]
[TimeControl "420+1"]

1. d4 d5 2. c4 e6 3. Nc3 c6 4. e4 dxe4 5. Nxe4 Bb4+ 6. Nc3 c5 7. a3 Ba5 
8. Be3 Ne7 9. Nge2 cxd4 10. Qxd4 Nf5 11. Qe4 Nxe3 12. Qxe3 Qb6 13. Qd2 Qd8 
14. g3 Qxd2+ 15. Kxd2 Bd7 16. Bg2 Bc6 17. Bxc6+ Nxc6 18. b4 Bd8 19. f4 Be7 
20. Kc2 a5 21. b5 Nb8 22. Na4 Nd7 23. Kb3 h5 24. Rhf1 h4 25. f5 O-O-O 
26. fxe6 fxe6 27. Rac1 hxg3 28. hxg3 Nc5+ 29. Nxc5 Bxc5 30. Nf4 Rhe8 31. Rce1 e5 
32. Nd5 e4 33. a4 e3 34. Re2 b6 35. Rf7 Rd7 36. Rf1 Rdd8 37. Kc2 Rd7 38. Rf4 Kb7 
39. Kb3 g6 40. Rf6 g5 41. Rf5 Re4 42. Rxg5 Rd4 43. g4 Rd3+ 44. Kb2 Bd4+ 
45. Kc2 Ra3 46. Rh5 Rxa4 47. Kd3 Bc5 48. g5 Ra1 49. g6 Rd1+ 50. Kc2 Rg1 
51. Rh7 Rxh7 52. gxh7 Rh1 53. Nxe3 a4 54. Rg2 Rxh7 55. Nd5 a3 56. Kb3 Rh3+ 
57. Ka2 Bd4 58. Rg8 Bc5 59. Rg7+ Kc8 60. Ra7 Rh2+ 61. Kb3 a2 62. Ra8+ Kb7 
63. Rxa2 Rh3+ 64. Kb2 Rh2+ 65. Ka1 Bd4+ 66. Kb1 Rh1+ 67. Kc2 Rh2+ 68. Kb1 Rh1+ 
69. Kc2 Rh2+ 70. Kb1 1/2-1/2